 Dungeon Crawl Stone Soup version 0.30.0-18-gc0e69614cb (webtiles) character file.

Game seed: 16687120339688192332

119 Kranky the Ruffian (level 4, -2/44 HPs)
             Began as a Troll Warper on May 24, 2023.
             Slain by a gnoll
             ... wielding a +0 halberd
              (8 damage)
             ... on level 3 of the Dungeon.
             The game lasted 00:02:57 (1624 turns).

Kranky the Ruffian (Troll Warper)                   Turns: 1624, Time: 00:02:57

Health: -2/44      AC:  4    Str: 19    XL:     4   Next: 74%
Magic:  4/4        EV: 10    Int: 11    God:
Gold:   61         SH:  0    Dex:  9    Spells: 5/5 levels left

rFire   . .          .
                       - Unarmed
rCold   . . .        (no shield)
rNeg    . . .        a - +0 robe
rPois   .            (helmet restricted)
rElec   .            (no cloak)
rCorr   .            (gloves unavailable)
SInv    .            (boots unavailable)
Will    .....        (no amulet)
Stlth   +            (no ring)
HPRegen 1.07/turn    (no ring)
MPRegen 0.09/turn

%: no passive effects
@: no status effects
A: large, unfitting armour, claws 3, regeneration 1, shaggy fur 1, tough skin 1
a: no special abilities


You were on level 3 of the Dungeon.
You visited 1 branch of the dungeon, and saw 3 of its levels.

You collected 61 gold pieces.

Inventory:

Missiles
 c - 7 boomerangs of dispersal (quivered)
Armour
 a - a +0 robe (worn)
Jewellery
 j - an amulet of magic regeneration
Scrolls
 b - a scroll of blinking
 f - a scroll of identify {unknown}
Potions
 d - 3 potions of heal wounds {unknown}
 e - a potion of brilliance {unknown}
 g - a potion of haste {unknown}
 h - a potion of curing {unknown}
 i - a potion of invisibility {unknown}
 k - a potion of lignification {unknown}
 l - a potion of berserk rage {unknown}


   Skills:
 + Level 2.4 Fighting
 - Level 0.8 Throwing
 + Level 1.5 Armour
 + Level 2.6 Dodging
 + Level 3.0 Unarmed Combat
 - Level 1.2 Spellcasting
 - Level 2.1 Translocations


You had 5 spell levels left.
You didn't know any spells.
Your spell library contained the following spells:

 Spells                   Type           Power      Damage    Failure   Level
 Blink                    Tloc           10%        N/A       19%         2
 Lesser Beckoning         Tloc           10%        N/A       19%         2
 Teleport Other           Tloc           5%         N/A       36%         3
 Vhi's Electric Charge    Tloc/Air       6%         N/A       52%         3
 Manifold Assault         Tloc           5%         N/A       77%         4


Dungeon Overview and Level Annotations

Branches:
Dungeon (3/15)

Altars:


Innate Abilities, Weirdness & Mutations

You are too large for most types of armour.
You have claws for hands.
Your natural rate of healing is unusually fast.
You are covered in fur. (AC +1)
You have tough skin. (AC +1)


Message History

You scratch the gnoll.
The gnoll is moderately wounded.
The gnoll barely misses you.
A gnoll comes into view. It is wielding a +0 whip.
The gnoll hits you with a +0 spear.
You scratch the gnoll. You claw the gnoll.
You kill the gnoll!
A gnoll comes into view. It is wielding a +0 whip.
A frilled lizard comes into view.
The gnoll hits you from afar with a +0 halberd!
You are too injured to fight recklessly!
You are too injured to fight recklessly!
You are too injured to fight recklessly!
You are too injured to fight recklessly!
Unknown command.
There is a stone staircase leading up here.
There is a stone staircase leading up here.
A gnoll comes into view. It is wielding a +0 club.
The gnoll closely misses you.
You barely miss the gnoll. The gnoll closely misses you.
The gnoll hits you from afar with a +0 halberd.
The gnoll shouts!
You scratch the gnoll.
The gnoll is heavily wounded.
The gnoll barely misses you. The gnoll hits you with a +0 halberd.
The gnoll hits you with a +0 whip. The dart slug barely misses you.
You scratch the gnoll.
The gnoll is moderately wounded.
The gnoll hits you with a +0 whip. The dart slug launches a dart at you.
The slug dart misses you.
The slug dart hits the gnoll.
The gnoll hits you with a +0 club. The gnoll hits you with a +0 halberd!
* * * LOW HITPOINT WARNING * * *
The gnoll hits you with a +0 whip.
* * * LOW HITPOINT WARNING * * *
You scratch the gnoll.
The gnoll is almost dead.
The gnoll closely misses you. The gnoll hits you with a +0 halberd!
You die...

#......#.####g
#............#
##.........##)#
#.............#
#......#...#..#.####
#..........w.)......
#......#####..#.....
#.....g...##..######
#....w@gg.##..#
###..gg...#...#
#...........#
#.<.<...#...#
#.......##.##
######### ..


You could see 5 gnolls and a dart slug.

Vanquished Creatures
  Terence (D:2)
  Robin (D:1)
  2 gnolls (D:3)
  An adder (D:2)
  A worm (D:3)
  A dart slug (D:1)
  3 endoplasms
  5 giant cockroaches
  14 goblins
  4 hobgoblins
  3 kobolds
  2 quokkas
  3 ball pythons
  2 frilled lizards
  4 rats
47 creatures vanquished.

Vanquished Creatures (others)
  A goblin (D:2)
1 creature vanquished.

Grand Total: 48 creatures vanquished

Notes
Turn   | Place    | Note
-------+----------+-------------------------------------------
     0 | D:1      | Kranky the Troll Warper began the quest for the Orb.
     0 | D:1      | Reached XP level 1. HP: 19/19 MP: 1/1
   147 | D:1      | Reached XP level 2. HP: 28/28 MP: 2/2
   905 | D:2      | Noticed Terence
   929 | D:2      | Killed Terence
   930 | D:2      | Reached skill level 1 in Armour
   930 | D:2      | Reached XP level 3. HP: 15/35 MP: 3/3
  1091 | D:2      | Identified the +1 helmet of Negation {rPois rC+++ Regen+
                  | Int-3}
  1091 | D:2      | Noticed Robin
  1189 | D:1      | Killed Robin
  1190 | D:1      | Reached XP level 4. HP: 28/42 MP: 4/4
  1464 | D:2      | Identified the +3 whip "Nucvisou" {antimagic, rElec Str+4}
  1600 | D:3      | Reached skill level 3 in Unarmed Combat
  1624 | D:3      | Slain by a gnoll

Illustrated notes

Levels and vault maps discovered:
D:1:      shiori_arrival_elements, layout_basic
D:2:      wander_river, layout_rooms, kennysheep_generic_room_15, uniq_terence,
          uniq_robin
D:3:      layout_basic, mainiacjoe_overflow_small_starburst,
          nicolae_overflow_ecumenical_swirl, uniq_crazy_yiuf_cottage,
          uniq_jessica

Skill      XL: |  1  2  3  4 |
---------------+-------------+-----
Dodging        | 2 |  2.6
Fighting       | 2 |  2.4
Armour         | 1 |  1.5
Unarmed Combat | 3 |  3.0
Throwing       | |  0.8
Spellcasting   | |  1.2
Translocations | |  2.1

Action                     |  1- 3 |  4- 6 || total
---------------------------+-------+-------++-------
  Melee: Unarmed           |    72 |    42 ||   114
         Punch             |     4 |     1 ||     5
 Armour: Robe              |    23 |    15 ||    38
  Dodge: Dodged            |    33 |    25 ||    58
